 Dungeon Crawl Stone Soup version 0.26-a0-1129-gc5df7fbe6a (webtiles) character file.

Game seed: 4691950890270813697

130 CasualChangeling the Skirmisher (level 4, -13/43 HPs)
             Began as a Palentonga Wanderer on Dec 19, 2020.
             Mangled by a shadow demon (17 damage)
             ... created by the darkness of Dithmenos
             ... on level 2 of the Dungeon.
             The game lasted 00:04:33 (2525 turns).

CasualChangeling the Skirmisher (PaWn)              Turns: 2525, Time: 00:04:34

Health: -13/43     AC:  7    Str: 24    XL:     4   Next: 89%
Magic:  4/4        EV:  9    Int: 12    God:
Gold:   57         SH:  0    Dex:  8    Spells: 3/3 levels left

rFire    . . .     SeeInvis +   a - +2 hand axe
rCold    . . .     Faith    .   (no shield)
rNeg     . . .     Spirit   .   h - +0 ring mail
rPois    .         Reflect  .   k - +0 helmet
rElec    .         Harm     .   (no cloak)
rCorr    .         Rampage  .   (no gloves)
Will     .....                  (no barding)
Stlth    +.........             (no amulet)
HPRegen  0.14/turn              f - +6 ring of strength
MPRegen  0.09/turn              (no ring)

@: no status effects
A: large, rugged brown scales 3, see invisible, deformed body, roll 1, armoured
tail
a: Rolling Charge


You were on level 2 of the Dungeon.
You visited 1 branch of the dungeon, and saw 3 of its levels.

You collected 57 gold pieces.

Inventory:

Hand Weapons
 a - a +2 hand axe (weapon)
Armour
 h - a +0 ring mail (worn)
 k - a +0 helmet (worn)
Jewellery
 f - a +6 ring of strength (left hand)
 m - a +4 ring of slaying {unknown}
Scrolls
 c - 2 scrolls of teleportation
 e - 4 scrolls of magic mapping
Potions
 b - a potion of lignification
 d - a potion of haste {unknown}
 g - 2 potions of curing {unknown}
 i - a potion of brilliance {unknown}
 j - a potion of flight {unknown}
 l - a potion of resistance {unknown}


   Skills:
 + Level 4.6 Fighting
 + Level 3.0 Axes
 - Level 1.0 Throwing
 + Level 2.5 Armour
 + Level 1.6 Dodging
 - Level 1.0 Stealth


You had 3 spell levels left.
You didn't know any spells.
Your spell library was empty.

Dungeon Overview and Level Annotations

Branches:
Dungeon (3/15)

Altars:
Dithmenos
Vehumet

Annotations:
D:3 Robin


Innate Abilities, Weirdness & Mutations

You are completely covered in rugged brown scales. (AC +3, +7% HP)
You have supernaturally acute eyesight. (SInv)
Armour fits poorly on your strangely shaped body.
You can roll at nearby foes to attack.
You have a long armoured tail.


Message History

HP restored.
There is a stone staircase leading down here.
Dithmenos calls forth shadows to punish you. 2 shadow demons and a shadow come into view.
You can't go down here!
You hit the shadow demon.
The shadow demon is lightly wounded.
The shadow demon hits you!
You hit the shadow demon. You tail-slap the shadow demon!
The shadow demon is moderately wounded.
You hit the shadow but do no damage. The shadow hits you.
The shadow demon hits you!
* * * LOW HITPOINT WARNING * * *
The shadow demon gestures.
You slash the shadow demon!
The shadow demon is moderately wounded.
You hit the shadow but do no damage. The shadow hits you!
* * * LOW HITPOINT WARNING * * *
The shadow demon hits you!
You die...

........รท.........(..........>#.#
#.......(......###.###..#.###.#.#
###.#..######...........#.# #.#..
# #.#..# #..###.###.##.# #.###
###.##.## #..#3....#.##.###....
.....#..# #..#4#.#.#.##(.....#.
#...##..## #..#2#.#....#......#.
#.#.##...# #..#W#.######......'.
#.#.##.#.## #..#@#.# ##.....#.
#.#.##.#..# #..#2#.# ######..
..#.##.##.# #..#.#.# #.....
..#.##.##.# #..#.#.# #.#...
#.#.##.##.###..#.#.# #.##.#
#.#..............#.# #######.##.#
....##.###.##..###.###.....#.##.#
....##.# #..#..#.....(.....#.##.#
.......# ##.#..#######(....#.##.#


You could see a soul eater (summoned), 2 shadow demons, an orange demon
(summoned) and a shadow.

Vanquished Creatures
  Jessica (D:2)
  An adder (D:2)
  A white imp (D:3)
  2 oozes (D:1)
  A dart slug (D:1)
  3 leopard geckos
  A ball python (D:1)
  8 giant cockroaches
  9 goblins
  9 hobgoblins
  8 jackals
  2 quokkas (D:2)
  7 bats
  6 frilled lizards
  2 kobolds
  5 rats
66 creatures vanquished.

Vanquished Creatures (others)
  A rat (D:2)
  A plant (D:2)
2 creatures vanquished.

Grand Total: 68 creatures vanquished

Notes
Turn   | Place    | Note
-------+----------+-------------------------------------------
     0 | D:1      | CasualChangeling the Palentonga Wanderer began the quest
                  | for the Orb.
     0 | D:1      | CasualChangeling set off with the following items: a +2
                  | hand axe, a potion of lignification, a scroll of
                  | teleportation, a +0 robe
     0 | D:1      | Reached XP level 1. HP: 21/21 MP: 1/1
   185 | D:1      | Reached XP level 2. HP: 24/28 MP: 2/2
   715 | D:1      | Reached XP level 3. HP: 35/35 MP: 3/3
   886 | D:1      | Reached skill level 1 in Dodging
  1317 | D:2      | Noticed Jessica
  1320 | D:2      | Killed Jessica
  1321 | D:2      | Reached XP level 4. HP: 43/43 MP: 4/4
  1901 | D:2      | Found a radiant altar of Vehumet.
  2108 | D:2      | Found a faded altar of an unknown god.
  2270 | D:2      | Became a worshipper of Dithmenos the Shadowed
  2270 | D:2      | Reached * piety under Dithmenos
  2272 | D:2      | Fell from the grace of Dithmenos
  2328 | D:3      | Noticed Robin
  2522 | D:2      | Noticed a shadow demon
  2522 | D:2      | Noticed a shadow demon
  2522 | D:2      | Noticed a shadow
  2525 | D:2      | Noticed an orange demon
  2525 | D:2      | Noticed a soul eater
  2525 | D:2      | Mangled by a shadow demon

Illustrated notes

Levels and vault maps discovered:
D:1:      kennysheep_arrival_seaside, layout_loops_corners
D:2:      layout_basic, fiery_altar_vehumet, chequers_ecumenical_altar_lobes,
          uniq_jessica
D:3:      layout_rooms, nicolae_ru_path_of_blood,
          lemuel_zombie_altar_yredelemnul, portal_sewer_entry_e, fedhas_altar_4,
          uniq_robin, uniq_terence

Skill      XL: |  1  2  3  4 |
---------------+-------------+-----
Armour         | 2 |  2.5
Dodging        | 1 |  1.6
Axes           | 3 |  3.0
Fighting       | |  4.6
Throwing       | |  1.0
Stealth        | |  1.0

Action                   |  1- 3 |  4- 6 || total
-------------------------+-------+-------++-------
Melee: Hand axe          |    79 |    71 ||   150
       Tailslap          |     4 |     8 ||    12
Invok: Renounce Religion |       |     1 ||     1
 Abil: Rolling Charge    |    16 |     9 ||    25
  Use: Scroll            |     1 |     1 ||     2
Armor: Robe              |    25 |       ||    25
       Ring mail         |     7 |    43 ||    50
Dodge: Dodged            |    32 |    32 ||    64

Table legend: (Time is in decaauts)
 A = Elapsed time spent in this place.
 B = Non-inter-level travel time spent in this place.
 C = Inter-level travel time spent in this place.
 D = Time resting spent in this place.
 E = Time spent auto-exploring this place.
 F = Levels seen in this place.
 G = Mean time per level.
                   A        B        C        D        E       F      G
               +--------+--------+--------+--------+--------+-----+--------+
         Total |   2551 |   2342 |    209 |    175 |   1813 |   3 |  850.3 |
       Dungeon |   2551 |   2342 |    209 |    175 |   1813 |   3 |  850.3 |
               +--------+--------+--------+--------+--------+-----+--------+

Top non-repeatable levels by time:
     D:1: 1330 daAuts
     D:2: 1197 daAuts
     D:3: 23 daAuts
